 Dungeon Sprint DCSS version 0.20.1-1-g8b1a95d (webtiles) character file.

1142 potatolord6000 the Summoner (level 8, -7/71 HPs)
             Began as a Barachi Summoner on Aug 30, 2017.
             Was an Elder of Sif Muna.
             Mangled by a jiangshi (12 damage)
             ... summoned by a mummy priest
             ... in the Dungeon (Sprint V: "Ziggurat Sprint").
             The game lasted 00:06:09 (654 turns).

potatolord6000 the Summoner (Barachi Summoner)       Turns: 654, Time: 00:06:09

Health: -7/71      AC:  4    Str: 15    XL:     8   Next: 37%
Magic:  3/26       EV: 24    Int: 40    God:    Sif Muna [****..]
Gold:   0          SH:  0    Dex: 20    Spells: 12/24 levels left

rFire    . . .     SeeInvis .   y - +6 Majin-Bo {vamp, Archmagi MP+6 Int+6}
rCold    . . .     Gourm    .   (shield currently unavailable)
rNeg     . . .     Faith    .   z - +1 leather armour of Apathy {Int+4 Dex+3}
rPois    .         Spirit   .   (no helmet)
rElec    .         Reflect  .   (no cloak)
rCorr    .         Harm     .   (no gloves)
MR       .....     NoTele   +   (no boots)
Stlth    +++.......             (no amulet)
Regen    0.3/turn               A - +6 ring of intelligence
MPRegen  0.2/turn               B - +6 ring of intelligence

@: mighty, agile, vulnerable, can't hop, very slightly contaminated, hasted,
studying Armour, drained, invisible, very quick
A: +LOS, swims, slowness 1, strong legs 1
a: Hop, Divine Energy, Channel Magic, Forget Spell, Renounce Religion


You were in the Dungeon.
You worshipped Sif Muna.
Sif Muna was greatly pleased with you.
You were not hungry.

You visited 1 branch

Inventory:

Hand Weapons
 y - the +6 Majin-Bo (weapon) {vamp, Archmagi MP+6 Int+6}
   (You found it in the Dungeon)

   It inflicts no extra harm, but heals its wielder when it wounds a living foe.
   It affects your intelligence (+6).
   It affects your magic capacity (+6).
Armour
 z - the +1 leather armour of Apathy (worn) {Int+4 Dex+3}
   (You found it in the Dungeon)

   It affects your intelligence (+4).
   It affects your dexterity (+3).
Jewellery
 A - a +6 ring of intelligence (left hand)
 B - a +6 ring of intelligence (right hand)
Scrolls
 i - a scroll of blinking
 p - 4 scrolls of amnesia
 q - 3 scrolls of recharging
 r - 7 scrolls of fog
 s - a scroll of holy word
 t - 5 scrolls of identify
 u - 5 scrolls of remove curse
 v - 2 scrolls of fear
Potions
 d - 8 potions of curing
 f - 4 potions of haste
 g - 6 potions of magic
 h - 3 potions of berserk rage
 j - 2 potions of brilliance
 l - 4 potions of resistance
 n - 3 potions of agility
 o - 3 potions of might
Books
 b - a book of Callings

   Spells                             Type                      Level
   a - Summon Small Mammal            Summoning                    1
   b - Call Imp                       Summoning                    2
   c - Call Canine Familiar           Summoning                    3
   d - Summon Guardian Golem          Hexes/Summoning              3
   e - Summon Lightning Spire         Summoning/Air                4
   f - Summon Ice Beast               Ice/Summoning                4
 m - a manual of Armour
Comestibles
 c - 5 bread rations
 w - 42 fruits
 x - 2 meat rations


   Skills:
 + Level 9.5(9.3) Fighting
 + Level 8.9(8.7) Staves
 + Level 9.2(9.0) Dodging
 - Level 1.7(1.6) Stealth
 + Level 8.5(8.3) Spellcasting
 + Level 10.8(10.5) Summonings


You had 12 spell levels left.
You knew the following spells:

 Your Spells              Type           Power        Failure   Level  Hunger
a - Summon Small Mammal   Summ           ####         1%          1    None
b - Call Canine Familiar  Summ           ########     1%          3    None
c - Summon Ice Beast      Ice/Summ       ######..     3%          4    None
d - Summon Lightning Spi  Summ/Air       ######..     3%          4    None


Dungeon Overview and Level Annotations

Branches:
Dungeon (1/1)

Altars:
Ashenzari
Cheibriados
Dithmenos
Elyvilon
Fedhas
Gozag
Hepliaklqana
Kikubaaqudgha
Makhleb
Nemelex Xobeh
Okawaru
Qazlal
Ru
Sif Muna
Trog
Uskayaw
Vehumet
Xom
Yredelemnul
Zin
The Shining One
Beogh
Jiyva
Lugonu

Annotations:
D 1 transporter


Innate Abilities, Weirdness & Mutations

Shadows flee at your approach. (+LOS)
You can swim through water.
You cover ground slowly.
You can hop short distances.


Message History

Your warg barely misses the flayed ghost.
The flying skull hits your warg!
Your warg dies!
Your warg's corpse disappears in a puff of smoke!
You sock the mummy priest!
The mummy priest is moderately damaged.
The mummy priest mumbles some strange prayers to its god.
The jiangshi claws you!
* * * LOW HITPOINT WARNING * * *
The jiangshi draws strength from your injuries!
The jiangshi closely misses you. The chaos spawn misses you.
You bludgeon the mummy priest!!
The mummy priest is severely damaged.
The flayed ghost hits you.
* * * LOW HITPOINT WARNING * * *
The jiangshi claws you.
* * * LOW HITPOINT WARNING * * *
The jiangshi draws strength from your injuries!
The jiangshi claws you!
You die...

▓..†..▓..().▓.....▓
▓.....▓.....▓.....▓
▓.....▓...((▓▓▓▓▓▓▓
▓▓▓▓▓▓▓▓▓▓▓▓▓▓▓▓▓▓▓
▓..8©8...▓..8©8...▓
▓..):}...▓.§)=)...▓
▓...}....▓..[.WW..▓
▓........▓..W4MVZ.▓
▓........▓..W.@W..▓
▓.▓.†..▓.▓.....zW.▓
▓........▓........▓
▓▓▓▓▓▓▓▓▓▓▓▓▓▓▓▓▓▓▓


You could see a mummy priest, a jiangshi, 2 flayed ghosts, a phantasmal warrior,
a hungry ghost, a chaos spawn, 2 wraiths, a flying skull (wandering) and a bat
skeleton (wandering).

Vanquished Creatures
  A deep elf archer (D)
  A wolf (D)
  An earth elemental (D)
  A mummy (D)
4 creatures vanquished.

Vanquished Creatures (collateral kills)
  3 merfolk (D)
  A flying skull (D)
  A yak (D)
  A porcupine (D)
  A wolf (D)
  A bullfrog (D)
  3 river rats (D)
  A jackal zombie (D)
12 creatures vanquished.

Grand Total: 16 creatures vanquished

Notes
Turn   | Place    | Note
-------+----------+-------------------------------------------
     0 | D        | potatolord6000 the Barachi Summoner began the quest for the Orb.
     0 | D        | Reached XP level 1. HP: 13/13 MP: 3/3
     0 | D        | Found a transporter.
     0 | D        | Found a viscous altar of Jiyva.
     0 | D        | Found an ancient bone altar of Kikubaaqudgha.
     0 | D        | Found a hazy altar of Hepliaklqana.
     0 | D        | Found a corrupted altar of Lugonu.
     0 | D        | Found an opulent altar of Gozag.
     0 | D        | Found a burning altar of Makhleb.
   106 | D        | Became a worshipper of Sif Muna the Loreminder
   113 | D        | Reached skill level 6 in Summonings
   113 | D        | Reached XP level 2. HP: 24/24 MP: 6/6
   149 | D        | Entered arena 2.
   149 | D        | Noticed a deep elf archer
   149 | D        | Noticed an earth elemental
   149 | D        | Found a transporter.
   161 | D        | Killed a deep elf archer
   161 | D        | Reached * piety under Sif Muna
   161 | D        | Reached ** piety under Sif Muna
   161 | D        | Reached skill level 9 in Summonings
   161 | D        | Reached XP level 3. HP: 37/37 MP: 11/11
   161 | D        | Reached XP level 4. HP: 44/44 MP: 11/12
   161 | D        | Reached XP level 5. HP: 49/49 MP: 12/14
   161 | D        | Reached XP level 6. HP: 56/56 MP: 12/15
   167 | D        | Reached XP level 7. HP: 61/61 MP: 12/17
   199 | D        | Learned a level 3 spell: Call Canine Familiar
   204 | D        | Learned a level 4 spell: Summon Ice Beast
   209 | D        | Learned a level 4 spell: Summon Lightning Spire
   218 | D        | Entered arena 3.
   218 | D        | Noticed a merfolk
   218 | D        | Noticed a merfolk
   218 | D        | Noticed a merfolk
   218 | D        | Found a transporter.
   223 | D        | Killed a merfolk
   226 | D        | Killed a merfolk
   226 | D        | Reached skill level 10 in Summonings
   229 | D        | Killed a merfolk
   229 | D        | Reached *** piety under Sif Muna
   382 | D        | Entered arena 4.
   382 | D        | Noticed a yak
   382 | D        | Found a transporter.
   385 | D        | Reached XP level 8. HP: 48/71 MP: 2/20
   386 | D        | Killed a yak
   393 | D        | Got the +1 leather armour of Apathy {Int+4 Dex+3}
   507 | D        | Entered arena 5.
   507 | D        | Found a transporter.
   620 | D        | Entered arena 6.
   620 | D        | Noticed a flying skull
   620 | D        | Noticed a mummy priest
   620 | D        | Noticed a flying skull
   620 | D        | Found a transporter.
   621 | D        | Noticed a phantasmal warrior
   621 | D        | Noticed a flying skull
   623 | D        | Killed a flying skull
   623 | D        | Reached **** piety under Sif Muna
   624 | D        | Noticed a flayed ghost
   650 | D        | Noticed a flayed ghost
   650 | D        | Noticed a jiangshi
   650 | D        | Noticed a wraith
   654 | D        | Noticed a flayed ghost
   654 | D        | Noticed a wraith
   654 | D        | Mangled by a jiangshi

Skill      XL: |  1  2  3  4  5  6  7  8 |
---------------+-------------------------+-----
Fighting       | 3 7 9 |  9.5
Staves         | 3 7 8 |  8.9
Dodging        | 4 7 8 9 |  9.2
Spellcasting   | 3 6 7 8 |  8.5
Summonings     | 6 9 10 | 10.8
Stealth        | |  1.7

Action                   |  1- 3 |  4- 6 |  7- 9 || total
-------------------------+-------+-------+-------++-------
Melee: Quarterstaff      |     8 |     6 |    14 ||    28
 Cast: Summon Small Mamm |     4 |       |       ||     4
       Summon Ice Beast  |       |       |    16 ||    16
       Call Canine Famil |       |       |     6 ||     6
       Summon Lightning  |       |       |     4 ||     4
 Abil: Hop               |       |       |     1 ||     1
  Use: Potion            |     6 |       |    16 ||    22
       Scroll            |       |       |     3 ||     3
 Stab: Sleeping          |     1 |       |       ||     1
       Invisible         |       |     1 |       ||     1
  Eat: Meat ration       |     2 |       |       ||     2
Armor: Leather armour    |       |       |     3 ||     3
Dodge: Dodged            |     1 |     1 |    33 ||    35
